 Dungeon Crawl Stone Soup version 0.18-a0-1730-g73f0523 (webtiles) character file.

51 namelastname112 the Skirmisher (level 3, 0/33 HPs)
             Began as a Draconian Chaos Knight on Apr 11, 2016.
             Slain by an adder (2 damage)
             ... on level 2 of the Dungeon.
             The game lasted 00:01:50 (1255 turns).

namelastname112 the Skirmisher (DrCK)               Turns: 1255, Time: 00:01:50

Health: 0/33       AC:  5    Str: 14    XL:     3   Next: 58%
Magic:  3/3        EV: 12    Int: 17    God:    Xom [.*....]
Gold:   48         SH:  0    Dex: 11    Spells: 0 memorised, 2 levels left

rFire  + . .     SeeInvis .     a - +0 falchion (chaos)
rCold  . . .     Gourm    .     (armour unavailable)
rNeg   . . .     Faith    .     (no shield)
rPois  .         Spirit   .     (helmet restricted)
rElec  .         Dismiss  .     (no cloak)
rCorr  .         Reflect  .     (no gloves)
SustAt .         Harm     .     (no boots)
MR     .....                    (no amulet)
Stlth  +.........               (no ring)
                                c - ring of protection from fire

@: brilliant, lethally poisoned (0 -> -4), not resistant to hostile
enchantments, very unstealthy
A: unfitting armour, cold-blooded, AC +5
a: Renounce Religion


You were on level 2 of the Dungeon.
You worshipped Xom.
You were a plaything of Xom.
You were not hungry.

You visited 1 branch of the dungeon, and saw 2 of its levels.

You collected 48 gold pieces.

Inventory:

Hand Weapons
 a - a +0 falchion of chaos (weapon)
Armour
 l - a +0 pair of boots
Jewellery
 c - a ring of protection from fire (left hand)
Scrolls
 e - a scroll of immolation {unknown}
 h - 2 scrolls of blinking {unknown}
 i - a scroll of teleportation {unknown}
Potions
 d - 2 potions of brilliance
Comestibles
 b - a bread ration
 f - a beef jerky
 j - a slice of pizza
 k - 2 chunks of flesh


   Skills:
 + Level 3.9 Fighting
 * Level 3.6 Long Blades
 + Level 2.8 Dodging


You had 2 spell levels left.
You didn't know any spells.

Dungeon Overview and Level Annotations

Branches:
Dungeon (2/15)

Altars:
Kikubaaqudgha
Ru
Trog


Innate Abilities, Weirdness & Mutations

Your plain brown scales are hard (AC +5).
Your body does not fit into most forms of armour.
You are cold-blooded and may be slowed by cold attacks.


Message History

The adder is lightly wounded.
The adder barely misses you.
You miss the adder.
The adder is heavily wounded.
The adder barely misses you. The adder bites you.
* * * LOW HITPOINT WARNING * * *
You are lethally poisoned!
The adder poisons you!
Drink which item? (? for menu, Esc to quit)
It was a potion of brilliance.
You feel clever all of a sudden.
Xom thinks this is hilarious!
* * * LOW HITPOINT WARNING * * *
You feel sick. The adder bites you but does no damage.
Drink which item? (? for menu, Esc to quit)
It was a potion of cure mutation.
It has a very clean taste.
Xom roars with laughter!
* * * LOW HITPOINT WARNING * * *
You feel sick. The adder bites you.
You die...

#.........#
..........#
..........###
..........#..
..........#.#
..........#.#
..........#.#
.....##.#...#######.#
........#....rgS@...#
.######.#############
.# ...# .........#
........ #......
......# #.....#
#######


You could see an adder, a hobgoblin and a rat.

Vanquished Creatures
  Robin (D:2)
  A worm (D:2)
  A dart slug (D:1)
  3 giant geckos (D:1)
  A bat (D:1)
  8 hobgoblins
  2 jackals (D:2)
  A giant newt (D:1)
  7 goblins
  3 kobolds
  6 rats
34 creatures vanquished.

Vanquished Creatures (others)
  2 goblins (D:2)
  A hobgoblin (D:2)
3 creatures vanquished.

Grand Total: 37 creatures vanquished

Notes
Turn   | Place    | Note
--------------------------------------------------------------
     0 | D:1      | namelastname112 the Draconian Chaos Knight began the quest for the Orb.
     0 | D:1      | Reached XP level 1. HP: 19/19 MP: 1/1
   132 | D:1      | XOM: silly message
   136 | D:1      | Reached XP level 2. HP: 23/26 MP: 2/2
   224 | D:1      | XOM: silly message
   653 | D:2      | Reached XP level 3. HP: 30/33 MP: 3/3
   690 | D:2      | Found a bloodstained altar of Trog.
   692 | D:2      | Found an ancient bone altar of Kikubaaqudgha.
   692 | D:2      | Found a sacrificial altar of Ru.
   724 | D:2      | XOM: butterfly on damage
  1027 | D:2      | Noticed Robin
  1057 | D:2      | XOM: confuse monster(s)
  1102 | D:2      | XOM: destruction
  1121 | D:2      | Killed Robin
  1255 | D:2      | Slain by an adder

Vault maps used:
D:1:      noname_arrival_rooms_in_the_neighbourhood
D:2:      lemuel_crystal_altar, grunt_temple_overflow_open,
          columned_hall_lemuel, uniq_robin

Action                   || total
-------------------------++-------
Melee: Falchion          ||   106
  Use: Potion            ||     2
 Stab: Sleeping          ||     1
       Confused          ||     2
       Petrifying        ||     1
       Petrified         ||     1
  Eat: Chunk             ||     1
